 Dungeon Crawl Stone Soup version 0.21.0-3-g78d12a8bdd (webtiles) character file.

4102 Rrauwl the Thaumaturge (level 10, 0/47 HPs)
             Began as a Deep Elf Fire Elementalist on Jan 15, 2018.
             Was an Elder of Hepliaklqana.
             Slain by a sixfirhy (9 damage)
             ... on level 1 of the Abyss.
             The game lasted 00:41:18 (6308 turns).

Rrauwl the Thaumaturge (Deep Elf Fire Elementalist) Turns: 6308, Time: 00:41:22

Health: 0/47       AC: 11    Str:  7    XL:     10   Next: 6%
Magic:  21/25      EV: 12    Int: 22    God:    Hepliaklqana [****..]
Gold:   484        SH:  4    Dex: 15    Spells: 15/27 levels left

rFire    + . .     SeeInvis .   b - +1 shortbow (freeze)
rCold    . . .     Gourm    .   (shield currently unavailable)
rNeg     . . .     Faith    .   m - +3 leather armour
rPois    .         Spirit   .   (helmet restricted)
rElec    .         Reflect  .   c - +0 cloak
rCorr    .         Harm     .   a - +0 pair of gloves
MR       +....                  s - +0 pair of boots
Stlth    ++........             (no amulet)
HPRegen  0.15/turn              d - ring of wizardry
MPRegen  0.19/turn              v - ring of protection from fire

@: very slightly contaminated
A: reduced essence, antennae 1, large bone plates 1, slimy green scales 1,
evolution 1
a: Recall Ancestor, Ancestor Identity, Transference, Idealise, Renounce Religion


You were on level 1 of the Abyss.
You worshipped Hepliaklqana.
Hepliaklqana was greatly pleased with you.
You were not hungry.

You visited 2 branches of the dungeon, and saw 9 of its levels.
You visited the Abyss 1 time.
You also visited: Sewer.

You collected 484 gold pieces.

Inventory:

Hand Weapons
 b - a +1 shortbow of freezing (weapon)
Missiles
 u - 46 arrows (quivered)
Armour
 a - a +0 pair of gloves (worn)
 c - a +0 cloak (worn)
 m - a +3 leather armour (worn)
 s - a +0 pair of boots (worn)
 D - the +0 buckler of Ennui {MP+9 Str+2 Int+3 Dex-3, unknown}
   (You acquired it on level 1 of the Abyss)

   It affects your strength (+2).
   It affects your intelligence (+3).
   It affects your dexterity (-3).
   It affects your magic capacity (+9).
Jewellery
 d - a ring of wizardry (left hand)
 v - a ring of protection from fire (right hand)
 y - an uncursed ring of fire
 C - an uncursed ring of ice
Wands
 p - a wand of polymorph (14)
 t - a wand of iceblast (9)
 w - a wand of acid (9)
 A - a wand of random effects (20)
 E - a wand of disintegration (15)
Scrolls
 g - 2 scrolls of magic mapping
 i - 4 scrolls of identify
 q - 6 scrolls of teleportation
 r - 2 scrolls of amnesia
 F - a scroll of remove curse
Potions
 f - 2 potions of curing
 h - 2 potions of brilliance
 j - 3 potions of heal wounds
 k - a potion of berserk rage
 l - a potion of resistance
 o - a potion of cancellation
 x - a potion of invisibility
Books
 n - a book of Flames

   Spells                             Type                      Level
   a - Flame Tongue                   Conjuration/Fire             1
   b - Throw Flame                    Conjuration/Fire             2
   c - Conjure Flame                  Conjuration/Fire             3
   d - Inner Flame                    Hexes/Fire                   3
   e - Sticky Flame                   Conjuration/Fire             4
   f - Fireball                       Conjuration/Fire             5
 B - a book of Maledictions

   Spells                             Type                      Level
   a - Corona                         Hexes                        1
   b - Ensorcelled Hibernation        Hexes/Ice                    2
   c - Confuse                        Hexes                        3
   d - Tukima's Dance                 Hexes                        3
   e - Dazzling Spray                 Conjuration/Hexes            3
Comestibles
 e - 17 rations


   Skills:
 - Level 2.0 Fighting
 + Level 5.7 Bows
 - Level 3.0 Armour
 - Level 3.0 Dodging
 - Level 3.0 Stealth
 - Level 9.2 Spellcasting
 - Level 7.0 Conjurations
 + Level 4.0 Hexes
 - Level 7.0 Fire Magic
 + Level 3.3 Ice Magic
 - Level 3.2 Invocations
 - Level 2.1 Evocations


You had 15 spell levels left.
You knew the following spells:

 Your Spells              Type           Power        Failure   Level  Hunger
a - Flame Tongue          Conj/Fire      #####        1%          1    None
b - Sticky Flame          Conj/Fire      #####...     2%          4    ##.....
c - Fireball              Conj/Fire      #####.....   6%          5    ####...
d - Ensorcelled Hibernat  Hex/Ice        ####..       1%          2    None


Dungeon Overview and Level Annotations

Branches:
Dungeon (8/15)             Temple (1/1) D:6
   Lair: D:8-11

Altars:
Ashenzari
Cheibriados
Dithmenos
Elyvilon
Fedhas
Gozag
Hepliaklqana
Kikubaaqudgha
Makhleb
Nemelex Xobeh
Okawaru
Qazlal
Ru
Sif Muna
Trog
Uskayaw
Vehumet
Wu Jian
Xom
Yredelemnul
Zin
The Shining One

Shops:
D:7 (

Annotations:
D:8 Psyche


Innate Abilities, Weirdness & Mutations

Your life essence is reduced to manifest your ancestor. (-10% HP)
You have a pair of small antennae on your head.
You are partially covered in large bone plates. (SH +4)
You are partially covered in slimy green scales. (AC +2)
You evolve.


Message History

You miscast Sticky Flame.
You are very lightly contaminated with residual magic.
You have a brief vision of globes of primordial fire.
The sixfirhy hits you but does no damage.
The sixfirhy hits you. The sixfirhy shocks you!
* * * LOW HITPOINT WARNING * * *
Rick barely misses the sixfirhy.
As you read the scroll of fear, it crumbles to dust.
You assume a fearsome visage.
The sixfirhy is unaffected.
Rick is unaffected.
Rick hits the sixfirhy with a flail!
You feel much better.
Rick hits the sixfirhy with a flail.
The sixfirhy hits you. The sixfirhy shocks you! The sixfirhy hits you.
The sixfirhy shocks you!
* * * LOW HITPOINT WARNING * * *
The sixfirhy hits you but does no damage.
The sixfirhy hits you.
* * * LOW HITPOINT WARNING * * *
The sixfirhy shocks you!
You die...

##..#. .##
.#..###...# #
..##..##### #
.###....#...#..#
.. . .
#.##..#.....
#..##. # #..#..#
.... ###.###.#
#..##..R.#..#
#...@3#{#.#.####
####..##...#...#
#..##.##.####
#####. #.#
#....# .....#
...### #... ..#h


You could see the friendly Rick the knight and a sixfirhy.

Vanquished Creatures
  A centaur skeleton (D:8)
  Sigmund (D:5)
  Eustachio (D:4)
  A water moccasin (D:5)
  Purgy (Sewer)
  A phantom (D:6)
  8 ogres
  A centaur (D:6)
  3 bullfrogs
  3 scorpions
  2 howler monkeys
  A jelly (D:7)
  A crimson imp (D:7)
  A quasit (D:7)
  2 hounds
  2 orc priests (D:3)
  A gnoll shaman (D:6)
  Ijyb (D:5)
  2 iguanas
  An orc wizard (D:8)
  9 adders
  4 gnolls
  A river rat (D:3)
  A shadow imp (D:4)
  An ooze (D:2)
  An adder skeleton (D:5)
  A worm (D:2)
  A dart slug (D:1)
  3 leopard geckos
  13 orcs
  11 bats
  5 giant cockroaches
  9 goblins
  9 hobgoblins
  9 jackals
  6 kobolds
  A quokka (D:6)
  4 ball pythons
  2 frilled lizards
  A jackal zombie (D:5)
  A leopard gecko skeleton (D:5)
  A quokka zombie (D:7)
  7 rats
136 creatures vanquished.

Vanquished Creatures (collateral kills)
  2 hippogriffs
  A wyvern (D:8)
  An ice beast (D:7)
  An orc warrior (D:7)
  2 phantoms (D:6)
  An ogre (D:6)
  A centaur (D:8)
  Blork the orc (D:5)
  2 crimson imps (D:7)
  A hound (D:5)
  A jelly (D:7)
  An orc wizard (D:8)
  A centaur skeleton (D:5)
  An iguana (D:5)
  A hound skeleton (D:5)
  3 gnolls
  2 adders
  A river rat (D:3)
  2 shadow imps
  3 leopard geckos
  12 orcs
  2 giant cockroaches
  4 jackals
  A kobold (Sewer)
48 creatures vanquished.

Vanquished Creatures (others)
  2 knights
  2 ancestors
  8 starspawn tentacles (Abyss:1)
12 creatures vanquished.

Grand Total: 196 creatures vanquished

Notes
Turn   | Place    | Note
-------+----------+-------------------------------------------
     0 | D:1      | Rrauwl the Deep Elf Fire Elementalist began the quest for the Orb.
     0 | D:1      | Reached XP level 1. HP: 10/10 MP: 6/6
   130 | D:1      | Reached XP level 2. HP: 15/15 MP: 2/8
   619 | D:2      | Reached XP level 3. HP: 12/19 MP: 4/9
   907 | D:2      | Reached XP level 4. HP: 23/24 MP: 10/10
  1280 | D:2      | Learned a level 4 spell: Sticky Flame
  1370 | D:3      | Reached XP level 5. HP: 26/28 MP: 7/11
  1428 | D:3      | Reached skill level 5 in Conjurations
  1435 | D:3      | Learned a level 5 spell: Fireball
  1622 | D:3      | Found a faded altar of an unknown god.
  1634 | D:3      | Became a worshipper of Hepliaklqana the Forgotten
  1634 | D:3      | Reached * piety under Hepliaklqana
  1697 | D:3      | Found a glowing drain.
  1709 | Sewer    | Entered a sewer
  1771 | Sewer    | Noticed Purgy
  1783 | Sewer    | Killed Purgy
  1783 | Sewer    | Reached skill level 4 in Spellcasting
  1783 | Sewer    | Reached XP level 6. HP: 27/28 MP: 5/14
  2174 | D:3      | Found an ornate altar of the Wu Jian Council.
  2178 | D:3      | Found a sparkling altar of Nemelex Xobeh.
  2187 | D:3      | Found a glowing golden altar of the Shining One.
  2187 | D:3      | Found a stormy altar of Qazlal.
  2289 | D:4      | Found a deep blue altar of Sif Muna.
  2305 | D:4      | Reached skill level 1 in Invocations
  2341 | D:4      | Gained mutation: You are partially covered in slimy green scales. (AC +2) [potion of mutation]
  2341 | D:4      | Gained mutation: You evolve. [potion of mutation]
  2341 | D:4      | Gained mutation: You have a pair of small antennae on your head. [potion of mutation]
  2356 | D:4      | Noticed Eustachio
  2406 | D:4      | Killed Eustachio
  2406 | D:4      | Reached skill level 1 in Armour
  2406 | D:4      | Reached skill level 5 in Fire Magic
  2406 | D:4      | Reached XP level 7. HP: 20/32 MP: 3/15
  2593 | D:4      | Found an iron altar of Okawaru.
  2930 | D:5      | Entered Level 5 of the Dungeon
  2948 | D:5      | Reached ** piety under Hepliaklqana
  2949 | D:5      | Remembered your ancestor Rick as a knight
  2965 | D:5      | Reached skill level 5 in Spellcasting
  3160 | D:5      | Reached skill level 1 in Evocations
  3160 | D:5      | Reached XP level 8. HP: 27/36 MP: 10/18
  3192 | D:5      | Noticed Sigmund
  3198 | D:5      | Killed Sigmund
  3199 | D:5      | Noticed Blork the orc
  3204 | D:5      | Killed Blork the orc
  3204 | D:5      | Reached skill level 6 in Spellcasting
  3299 | D:5      | Gained mutation: You are partially covered in large bone plates. (SH +4) [evolution]
  3447 | D:5      | Found a sacrificial altar of Ru.
  3497 | D:5      | Noticed Ijyb
  3503 | D:5      | Killed Ijyb
  3521 | D:5      | Reached skill level 7 in Spellcasting
  3887 | D:6      | Found an ancient bone altar of Kikubaaqudgha.
  3984 | D:6      | Found a staircase to the Ecumenical Temple.
  3990 | Temple   | Entered the Ecumenical Temple
  4097 | Temple   | Reached *** piety under Hepliaklqana
  4257 | D:6      | Found a shadowy altar of Dithmenos.
  4372 | D:6      | Reached skill level 8 in Spellcasting
  4442 | D:6      | Reached XP level 9. HP: 34/40 MP: 23/23
  4620 | D:6      | Found a hazy altar of Hepliaklqana.
  4697 | D:6      | Reached skill level 1 in Fighting
  4697 | D:6      | Reached skill level 1 in Bows
  5180 | D:7      | Reached skill level 9 in Spellcasting
  5348 | D:7      | Reached **** piety under Hepliaklqana
  5384 | D:7      | Found Igeclit's Antique Weapon Emporium.
  5403 | D:7      | Learned a level 2 spell: Ensorcelled Hibernation
  5472 | D:7      | Reached skill level 1 in Hexes
  5581 | D:7      | Reached skill level 1 in Ice Magic
  5764 | D:8      | Reached skill level 5 in Bows
  5865 | D:8      | Noticed a two-headed ogre
  6031 | D:8      | Reached XP level 10. HP: 36/47 MP: 25/25
  6148 | D:8      | Noticed Psyche
  6153 | D:8      | Cast into level 1 of the Abyss (Psyche)
  6157 | Abyss:1  | Noticed a tentacled starspawn
  6169 | Abyss:1  | Identified a scroll of acquirement
  6170 | Abyss:1  | Got a transparent buckler
  6179 | Abyss:1  | Noticed a starcursed mass
  6181 | Abyss:1  | Noticed a cacodemon
  6301 | Abyss:1  | Noticed a sixfirhy
  6308 | Abyss:1  | Slain by a sixfirhy

Skill      XL: |  1  2  3  4  5  6  7  8  9 10 |
---------------+-------------------------------+-----
Stealth        | 3 |  3.0
Dodging        | 3 |  3.0
Conjurations   | 2 3 4 5 6 7 |  7.0
Fire Magic     | 4 5 6 7 |  7.0
Spellcasting   | 4 5 8 9 |  9.2
Invocations    | 1 3 |  3.2
Armour         | 1 2 3 |  3.0
Evocations     | 1 2 |  2.1
Fighting       | 2 |  2.0
Bows           | 5 |  5.7
Hexes          | 3 4 |  4.0
Ice Magic      | 3 |  3.3

Action                   |  1- 3 |  4- 6 |  7- 9 | 10-12 || total
-------------------------+-------+-------+-------+-------++-------
Melee: Whip              |    49 |       |       |       ||    49
 Fire: Hunting sling     |    37 |   117 |   124 |       ||   278
       Shortbow          |       |       |   227 |     1 ||   228
 Cast: Flame Tongue      |    29 |    15 |     3 |     4 ||    51
       Sticky Flame      |       |     6 |    17 |       ||    23
       Fireball          |       |       |     1 |       ||     1
Invok: Ancestor Identity |       |     1 |       |       ||     1
       Recall Ancestor   |       |     3 |     1 |     1 ||     5
       Ancestor Life: Kn |       |       |     1 |       ||     1
       Idealise          |       |       |     1 |       ||     1
  Use: Scroll            |     3 |     4 |     6 |     3 ||    16
       Potion            |       |    10 |     2 |     2 ||    14
  Eat: Chunk             |       |     4 |     6 |       ||    10
       Ration            |       |     1 |     2 |       ||     3
Armor: Robe              |    24 |    10 |       |       ||    34
       Leather armour    |       |    10 |    48 |     3 ||    61
Dodge: Dodged            |    65 |    65 |    71 |     2 ||   203
Block: Other             |       |       |    11 |       ||    11
